 Dungeon Crawl Stone Soup version 0.20-a0-4-gd166d5d (console) character file.

7322 brucemayne the Severer (level 11, 0/148 HPs)
             Began as a Hill Orc Berserker on Oct 31, 2016.
             Was an Elder of Trog.
             Slain by an orc warrior
             ... wielding a cursed -1 long sword
              (7 damage)
             ... on level 1 of the Orcish Mines.
             The game lasted 00:19:43 (3346 turns).

brucemayne the Severer (Hill Orc Berserker)         Turns: 3346, Time: 00:19:44

Health: 0/148      AC: 25    Str: 22    XL:     11   Next: 13%
Magic:  0/11       EV:  2    Int:  7    God:    Trog [****..]
Gold:   677        SH:  0    Dex: 12    Spells: 0 memorised, 10 levels left

rFire  + . .     SeeInvis .     K - +0 hand axe (elec)
rCold  + . .     Gourm    .     (armour currently unavailable)
rNeg   + + +     Faith    .     (no shield)
rPois  +         Spirit   +     (helmet currently unavailable)
rElec  +         Reflect  .     (cloak currently unavailable)
rCorr  +         Harm     .     (gloves currently unavailable)
MR     ++...     NoTele   +     (boots currently unavailable)
Stlth  ++........               B - amulet of guardian spirit
                                (no ring)
                                m - ring of stealth

@: exhausted, tree-form, resistant, regenerating, slowed, very slow
A: no striking features
a: Berserk, Trog's Hand, Brothers in Arms, Burn Spellbooks, Renounce Religion


You were on level 1 of the Orcish Mines.
You worshipped Trog.
Trog was greatly pleased with you.
You were near starving.
You were a tree.
You visited 2 branches of the dungeon, and saw 13 of its levels.

You collected 677 gold pieces.

Inventory:

Hand Weapons
 a - a +1 hand axe
 n - a +4 quarterstaff of chaos
 C - a +0 whip of flaming
 F - a +1 hand axe of freezing
 K - a +0 hand axe of electrocution (weapon)
 L - a +0 war axe
Missiles
 t - 13 poisoned needles
 G - 8 tomahawks of returning (quivered)
 R - 8 steel tomahawks
Armour
 b - a +0 animal skin
 d - a +0 cloak (melded)
 f - a +0 helmet (melded)
 k - a +0 leather armour
 l - a +0 cloak
 p - a +0 ring mail
 u - a +0 chain mail
 v - a +0 pair of gloves (melded)
 w - a +0 plate armour
 y - a +0 troll leather armour
 A - a +2 crystal plate armour (melded)
 Q - a +1 chain mail of magic resistance
Jewellery
 e - an uncursed amulet of harm
 m - a ring of stealth (left branch)
 s - an uncursed ring of ice
 B - an amulet of guardian spirit (around neck)
Wands
 x - a wand of random effects (45/48)
 D - a wand of flame (34/48)
 E - a wand of flame (15/48)
 J - a wand of iceblast (8/15)
Scrolls
 g - 2 scrolls of enchant weapon
 i - 2 scrolls of amnesia
 H - 2 scrolls of identify
 I - 2 scrolls of remove curse
 O - a scroll of recharging
Potions
 h - a potion of berserk rage {unknown}
 j - 2 potions of might
 o - a potion of ambrosia {unknown}
 q - a potion of resistance
 r - 2 potions of lignification
 z - a potion of mutation {unknown}
 N - a potion of agility {unknown}
 P - a potion of invisibility {unknown}
Comestibles
 c - 3 bread rations
 M - a meat ration


   Skills:
 + Level 9.9 Fighting
 - Level 16.0 Axes
 + Level 8.8 Armour
 - Level 1.5 Dodging


You had 10 spell levels left.
You didn't know any spells.

Dungeon Overview and Level Annotations

Branches:
Dungeon (11/15)              Lair (0/6) D:8             Orc (2/2) D:10
    Elf (0/3) Orc:2
 Temple: D:4-7

Altars:
Elyvilon
Kikubaaqudgha
Trog
Yredelemnul
Zin

Shops:
D:6 }(}   Orc:2 :


Message History

The ogre hits you but does no damage.
Unknown command.
You slash the ogre!
You kill the ogre!
Trog accepts your kill.
You hit the orc warrior but do no damage.
You hit the hill giant but do no damage.
The orc warrior hits you but does no damage.
The hill giant hits you with a giant club!!
* * * LOW HITPOINT WARNING * * *
It was a potion of resistance.
You feel protected.
The orc warrior hits you but does no damage.
The hill giant hits you but does no damage.
Okay, then.
You closely miss the orc warrior.
The orc warrior is heavily wounded.
You barely miss the hill giant.
The orc warrior hits you with a long sword!
You die...

#...#...#...........[#..........
##..................#[#.###.....
#....................[..#.#.....
##...................)..........
####..............#......#...>...
#.##...#....................)...#
....................###.##.......
...............o.....#####....#.#
...............C♣....# #....#.##
...............).....###.#.#.....
.#...............##.###...#......
.##...............### ##.##......
##..............## ##....#....#
##...............##.##......#..
#......#.........#....##.......
##.##.##....#.....#....##......
##.#..##..#..#.#.## #........##


You could see a hill giant and an orc warrior.

Vanquished Creatures
  Pikel (D:6)
  2 orc sorcerers (Orc:1)
  A kobold demonologist (D:10)
  2 trolls
  Prince Ribbit (D:6)
  A hornet (D:10)
  A hippogriff (D:8)
  A wyvern (D:9)
  3 wargs
  A water moccasin (D:6)
  8 orc warriors
  3 ice beasts
  A black bear (D:6)
  4 phantoms
  7 ogres
  4 centaurs
  A crocodile (D:7)
  8 bullfrogs
  A troll zombie (D:10)
  2 scorpions
  A howler monkey (D:4)
  4 crimson imps
  3 hounds
  A bullfrog zombie (D:7)
  4 orc priests
  Crazy Yiuf (D:5)
  A jelly (D:9)
  7 orc wizards
  An iguana (D:7)
  5 worker ants
  5 ogre zombies (D:10)
  A hound skeleton (D:8)
  A worker ant zombie (D:5)
  Robin (D:2)
  An adder (D:2)
  3 river rats (D:8)
  A shadow imp (D:5)
  An adder zombie (D:5)
  A worm (D:4)
  7 leopard geckos
  36 orcs
  A ball python (D:2)
  11 bats
  3 giant cockroaches
  11 goblins (D:2)
  6 hobgoblins
  15 jackals
  2 quokkas (D:6)
  9 frilled lizards
  A hobgoblin skeleton (D:10)
  2 kobolds
  A leopard gecko skeleton (D:6)
  4 orc skeletons (D:10)
  7 orc zombies (D:10)
  12 rats
  2 fungi (D:8)
226 creatures vanquished.

Vanquished Creatures (others)
  An adder (D:6)
  A fungus (D:8)
2 creatures vanquished.

Grand Total: 228 creatures vanquished

Notes
Turn   | Place    | Note
-------+----------+-------------------------------------------
     0 | D:1      | brucemayne the Hill Orc Berserker began the quest for the Orb.
     0 | D:1      | Reached XP level 1. HP: 19/19 MP: 1/1
    53 | D:2      | Noticed Robin
    55 | D:2      | Reached XP level 2. HP: 26/26 MP: 2/2
    57 | D:2      | Reached skill level 5 in Axes
    62 | D:2      | Reached XP level 3. HP: 23/31 MP: 3/3
    63 | D:2      | Reached ** piety under Trog
    67 | D:2      | Killed Robin
   153 | D:2      | Reached skill level 6 in Axes
   194 | D:3      | Reached XP level 4. HP: 27/39 MP: 4/4
   362 | D:5      | Entered Level 5 of the Dungeon
   366 | D:5      | Noticed a bullfrog
   373 | D:5      | Killed a bullfrog
   373 | D:5      | Reached skill level 7 in Axes
   373 | D:5      | Reached XP level 5. HP: 34/45 MP: 5/5
   390 | D:5      | Reached skill level 8 in Axes
   485 | D:4      | Reached XP level 6. HP: 30/51 MP: 6/6
   491 | D:4      | Reached skill level 9 in Axes
   514 | D:5      | Found a runed door.
   534 | D:5      | Noticed Crazy Yiuf
   549 | D:5      | Killed Crazy Yiuf
   563 | D:5      | Noticed an ice beast
   574 | D:5      | Killed an ice beast
   709 | D:5      | Reached skill level 10 in Axes
   709 | D:5      | Reached XP level 7. HP: 54/57 MP: 7/7
  1030 | D:5      | Found a basalt altar of Yredelemnul.
  1210 | D:6      | Reached skill level 11 in Axes
  1283 | D:6      | Found Cuhyfarch's Gadget Shoppe.
  1322 | D:6      | Noticed Prince Ribbit
  1334 | D:6      | Reached skill level 12 in Axes
  1334 | D:6      | Reached XP level 8. HP: 20/64 MP: 8/8
  1335 | D:6      | Killed Prince Ribbit
  1474 | D:7      | Reached skill level 13 in Axes
  1487 | D:7      | Reached *** piety under Trog
  1523 | D:7      | Found a white marble altar of Elyvilon.
  1638 | D:6      | Found Suipaini's Gadget Emporium.
  1668 | D:6      | Noticed Pikel
  1672 | D:6      | Killed Pikel
  1672 | D:6      | Reached skill level 14 in Axes
  1672 | D:6      | Reached XP level 9. HP: 70/70 MP: 9/9
  1684 | D:6      | Found Sugeen's Antique Weapon Shop.
  1746 | D:7      | Found a bloodstained altar of Trog.
  1747 | D:7      | Found an ancient bone altar of Kikubaaqudgha.
  1789 | D:7      | Reached skill level 15 in Axes
  2031 | D:8      | Reached skill level 16 in Axes
  2042 | D:8      | Found a staircase to the Lair.
  2077 | D:8      | Found a glowing silver altar of Zin.
  2077 | D:8      | Found a faded altar of an unknown god.
  2106 | D:8      | Reached **** piety under Trog
  2155 | D:8      | Found a faded altar of an unknown god.
  2157 | D:8      | Found a faded altar of an unknown god.
  2158 | D:8      | Found a faded altar of an unknown god.
  2218 | D:8      | Noticed a troll
  2288 | D:8      | Killed a troll
  2288 | D:8      | Reached skill level 5 in Fighting
  2394 | D:9      | Reached XP level 10. HP: 65/82 MP: 10/10
  2444 | D:10     | Entered Level 10 of the Dungeon
  2503 | D:10     | Reached skill level 5 in Armour
  2567 | D:9      | Identified a scroll of acquirement
  2736 | D:10     | Noticed a kobold demonologist
  2744 | D:10     | Killed a kobold demonologist
  2837 | D:10     | Found a staircase to the Orcish Mines.
  2920 | Orc:1    | Entered Level 1 of the Orcish Mines
  2962 | Orc:1    | Noticed an orc sorcerer
  2973 | Orc:1    | Killed an orc sorcerer
  3020 | Orc:1    | Noticed an orc sorcerer
  3076 | Orc:1    | Killed an orc sorcerer
  3110 | Orc:2    | Entered Level 2 of the Orcish Mines
  3111 | Orc:2    | Found Kiachon's Book Emporium.
  3120 | Orc:2    | Noticed an orc warlord
  3220 | Orc:2    | Found a staircase to the Elven Halls.
  3234 | Orc:2    | Reached XP level 11. HP: 92/97 MP: 5/11
  3318 | Orc:2    | Received a gift from Trog
  3321 | Orc:2    | Noticed a cyclops
  3322 | Orc:2    | Noticed a hill giant
  3331 | Orc:2    | Noticed a deep troll
  3344 | Orc:1    | HP: 4/148 [hill giant/giant club (24)]
  3346 | Orc:1    | Slain by an orc warrior

Vault maps used:
D:1:      dpeg_arrival_chambers_temple_mockup
D:2:      minmay_diamond_boxcup, serial_forest, infiniplex_forest_straight_2,
          infiniplex_forest_clump_large, infiniplex_forest_end_2,
          infiniplex_forest_clump_double, infiniplex_forest_straight_4,
          infiniplex_forest_side_room, first_bread, uniq_robin
D:3:      nicolae_overflow_crystal_walls, minmay_misc_feat_chi,
          grunt_ministairs_13
D:5:      black_bear_nest_1, kennysheep_little_box, small_statue_intersection,
          uniq_crazy_yiuf_cottage
D:6:      serial_shops, kennysheep_mini, shop, kennysheep_mini_moat, shop,
          shop_coins, enter_ossuary_1, uniq_menkaure, uniq_eustachio,
          uniq_prince_ribbit1, uniq_pikel
D:7:      chequers_temple_overflow_statue_of_worship, basic_altar,
          minmay_lizard_king
D:8:      chequers_temple_overflow_minitemple, grunt_lair_entry_orc_guard_hut,
          hangedman_little_slice_of_home, uniq_joseph
D:10:     zombieorc1_lemuel
D:11:     minmay_box_of_curves, corexii_leaking_fountain
Orc:1:    guppyfry_orc_lava_fort
Orc:2:    st_orc_open, portal_ice_cave_entry_ice_beasts, uniq_josephine

Skill      XL: |  1  2  3  4  5  6  7  8  9 10 |
---------------+-------------------------------+-----
Axes           | 5 6 7 8 10 12 14 16 | 16.0
Fighting       | 5 9 |  9.9
Armour         | 4 8 |  8.8
Dodging        | |  1.5

Action                   |  1- 3 |  4- 6 |  7- 9 | 10-12 || total
-------------------------+-------+-------+-------+-------++-------
Melee: Hand axe          |    62 |    96 |   329 |   164 ||   651
       War axe           |       |       |    12 |    46 ||    58
Invok: Berserk           |     1 |     3 |     8 |     5 ||    17
       Trog's Hand       |     1 |     4 |     8 |     5 ||    18
Evoke: Wand              |       |       |     1 |       ||     1
  Use: Scroll            |       |       |     7 |     4 ||    11
       Potion            |       |       |       |     2 ||     2
 Stab: Sleeping          |       |     1 |       |       ||     1
  Eat: Chunk             |       |     3 |    12 |     9 ||    24
       Bread ration      |       |     1 |       |       ||     1
       Pizza             |       |       |     1 |       ||     1
Armor: Animal skin       |    19 |     2 |       |       ||    21
       Leather armour    |       |    24 |       |       ||    24
       Ring mail         |       |     3 |       |       ||     3
       Chain mail        |       |       |    63 |       ||    63
       Plate armour      |       |       |   134 |    27 ||   161
       Crystal plate arm |       |       |       |    98 ||    98
       Skin              |       |       |       |     6 ||     6
Dodge: Dodged            |    40 |    56 |   107 |    26 ||   229
